FIQ, neutral male scurrid Tourist r FIQ the Rambler Experience level: 1 Strength: 11 Dexterity: 10 Constitution: 14 Intelligence: 10 Wisdom: 10 Charisma: 18 Health: 7(9) Energy: 2(2) Def: 0 Gold: 372 Moves: 37 Dungeon seed: 1e4CVqmgW7IV-dvu Game ID: FIQ_1498602084 Your Inventory: Coins $ - 372 gold pieces Weapons a - 52 uncursed +2 darts (in quiver) Armor e - an uncursed +0 Hawaiian shirt (being worn) Comestibles b - 7 uncursed food rations c - an uncursed carrot d - an uncursed tin of spinach f - an uncursed fortune cookie g - an uncursed tin of lichen Scrolls i - a blessed scroll of magic mapping j - 3 uncursed scrolls of magic mapping Potions h - 2 uncursed potions of extra healing Wands m - an uncursed wand of secret door detection (0:12) Tools k - an uncursed expensive camera (0:52) l - an uncursed credit card n - an uncursed tin opener Spells and supernatural/magical abilities: Name Level Category Fail Memory W - pray for help -- divine ? -- Your skills at the end: Miscellaneous Skills wands [Basic] Weapon Skills dart [Basic] Spellcasting Skills Final Attributes: You were devoutly aligned. You were blinded. You had infravision. You were very stealthy. You were swallowed by a dust vortex. You survived. Voluntary challenges: You went without food. You did not adorn yourself with jewelry or accessories. You did not cause conflict. You were not invisible. You did not have reflection. You were not displaced. You were an atheist. You never hit with a wielded weapon. You were a pacifist. You did not use tools. You did not use plumbed fixtures. You did not drink any magical draughts. You were illiterate. You never genocided any monsters. You never polymorphed an object. You never changed form. You used no wishes. You never split a pudding. You never wrote Elbereth's name. You never violated your personal moral code. Dungeon overview: The Dungeons of Doom: levels 1 to 13 Level 1 a long staircase Level 2 Level 3 Level 4 Level 5 Level 6 Level 7 Level 8 Level 9 Level 10 Level 11 Level 12 Level 13 <- You were here History has recorded: On T:1 you entered the Dungeons of Doom to retrieve the Amulet of Yendor! On T:4 you reached level 2 of The Dungeons of Doom. On T:7 you reached level 3 of The Dungeons of Doom. On T:9 you reached level 4 of The Dungeons of Doom. On T:11 you reached level 5 of The Dungeons of Doom. On T:13 you reached level 6 of The Dungeons of Doom. On T:16 you reached level 7 of The Dungeons of Doom. On T:18 you reached level 8 of The Dungeons of Doom. On T:20 you reached level 9 of The Dungeons of Doom. On T:22 you reached level 10 of The Dungeons of Doom. On T:26 you reached level 11 of The Dungeons of Doom. On T:28 you reached level 12 of The Dungeons of Doom. On T:31 you reached level 13 of The Dungeons of Doom. Score breakdown: Gold: 0 ( 0 points) Experience: 1 level ( 0 points) Exploration: 13 levels ( 360 points) Discoveries: 0 items ( 0 points) Variety of kills: 0 monsters ( 0 points) Major goal: (nothing yet) ( 0 points) Survival: quit (score multiplied by 3) Total score: 1080 Latest messages: You can't see in here! That command is only available in debug mode. You begin bashing monsters with your bare paws. You claw the dust vortex. You get expelled! You try to feel what is lying here on the floor. You feel here 10 rocks. You have no weapon equipped. You start chewing a hole in the rock. You continue digging. You make an opening in the wall. Something engulfs you! That command is only available in debug mode. You claw the dust vortex. You have no weapon equipped. You claw the dust vortex. (2x) You get expelled! You try to feel what is lying here on the floor. You feel here 10 rocks. You start digging downward. You continue digging downward. You dig a pit in the floor. Something engulfs you! You are released from the trap! That command is only available in debug mode. Final status: Aloha FIQ the Tourist, quit... You quit in The Dungeons of Doom on dungeon level 13 with 1080 points, and 372 pieces of gold, after 37 moves. You were level 1 with a maximum of 9 hit points when you quit.